 Dungeon Crawl Stone Soup version 0.26.1-11-gd32895ea62 (webtiles) character file.

Game seed: 12693939597140583865

21 H0rd4k the Insei (level 2, -1/18 HPs)
             Began as an Octopode Transmuter on May 26, 2021.
             Slain by a gnoll
             ... wielding a +0 spear
              (7 damage)
             ... on level 1 of the Dungeon.
             The game lasted 00:00:35 (1159 turns).

H0rd4k the Insei (Octopode Transmuter)              Turns: 1159, Time: 00:00:36

Health: -1/18      AC:  1    Str:  9    XL:     2   Next: 83%
Magic:  5/5        EV: 13    Int: 15    God:
Gold:   40         SH:  0    Dex: 12    Spells: 4/5 levels left

rFire    . . .     SeeInvis .     - Unarmed
rCold    . . .     Faith    .   (no shield)
rNeg     . . .     Spirit   .   (helmet restricted)
rPois    .         Reflect  .   (no amulet)
rElec    .         Harm     .   (no ring)
rCorr    .         Rampage  .   (no ring)
Will     .....                  (no ring)
Stlth    +++.......             (no ring)
HPRegen  0.06/turn              (no ring)
MPRegen  0.09/turn              (no ring)
                                (no ring)
                                (no ring)

@: no status effects
A: almost no armour, stealthy swim, amphibious, 8 rings, constrict 8, camouflage
1, gelatinous body 1
a: no special abilities


You were on level 1 of the Dungeon.
You visited 1 branch of the dungeon, and saw 2 of its levels.

You collected 40 gold pieces.

Inventory:

Missiles
 f - 11 poisoned darts (quivered)
Jewellery
 d - an uncursed ring of fire {unknown}
 e - a cursed ring of protection from cold {unknown}
Scrolls
 a - a scroll of teleportation {unknown}
 b - a scroll of identify {unknown}
 c - a scroll of magic mapping {unknown}


   Skills:
 + Level 1.0 Fighting
 + Level 2.3 Dodging
 + Level 1.0 Stealth
 + Level 3.5 Unarmed Combat
 + Level 2.1 Spellcasting
 + Level 2.1 Transmutations


You had 4 spell levels left.
You knew the following spells:

 Your Spells              Type           Power        Failure   Level
a - Beastly Appendage     Tmut           14%          10%         1

Your spell library contained the following spells:

 Spells                   Type           Power        Failure   Level
 Wereblood                Tmut           7%           14%         2
 Spider Form              Tmut/Pois      2%           41%         3
 Ice Form                 Ice/Tmut       4%           82%         4
 Blade Hands              Tmut           3%           95%         5


Dungeon Overview and Level Annotations

Branches:
Dungeon (2/15)

Altars:


Innate Abilities, Weirdness & Mutations

You cannot wear most types of armour.
You are very stealthy in the water. (Stealth+)
You are amphibious.
You can wear up to eight rings at the same time.
You can use your tentacles to constrict eight enemies at once.
Your skin changes colour to match your surroundings (Stealth+).
Your rubbery body absorbs attacks. (AC +1, EV +1)


Message History

A bat and 3 gnolls come into view.
Found a fuming blue potion.
There is a stone staircase leading up here.
There are monsters nearby!
There are monsters nearby!
There are monsters nearby!
Unknown command.
The gnoll shouts! x2
There is a stone staircase leading up here.
The bat hits you but does no damage. x2
The bat hits you. The bat closely misses you.
The bat hits you but does no damage. The gnoll misses you. x2
The gnoll barely misses you.
There is a stone staircase leading up here.
The gnoll hits you with a +0 spear.
You climb upwards.
There is a stone staircase leading down here.
The gnoll barely misses you. The gnoll hits you with a +0 club.
The gnoll hits you from afar with a +0 spear!
You die...

.# #..#######.#######..#†######
.# #### #........# ####'## ##
'####### #.######.# #...# #.
.......# #.# ###.#####...# #.
.......# #.####.......#...# #.
.......#####..........#.#...# #.
.######...#######.#.........# ##
......'...>.......#.........#####
##....#.......##@.####.....###...
#....#.......##...........###...
######.......##gg.##............
#.......##.................
#...######..###............ #####
###..#..............
##############....##.............
.............#.#.###.############
############.#.#.# #.# #


You could see 2 gnolls.

Vanquished Creatures
  An ooze (D:1)
  A leopard gecko (D:1)
  2 bats (D:1)
  A goblin (D:1)
  2 hobgoblins (D:1)
  3 kobolds (D:1)
  3 frilled lizards (D:1)
  2 rats (D:1)
15 creatures vanquished.

Notes
Turn   | Place    | Note
-------+----------+-------------------------------------------
     0 | D:1      | H0rd4k the Octopode Transmuter began the quest for the Orb.
     0 | D:1      | Reached XP level 1. HP: 13/13 MP: 3/3
   517 | D:1      | Reached XP level 2. HP: 16/18 MP: 5/5
  1091 | D:1      | Reached skill level 1 in Stealth
  1159 | D:1      | Slain by a gnoll

Illustrated notes

Levels and vault maps discovered:
D:1:      eino_arrival_water_star, layout_basic
D:2:      layout_loops_cross, grunt_temple_overflow_magic_moments,
          serial_aquarium, aquarium_bridge_straight [aquarium_subvault_bridge,
          aquarium_subvault_window, aquarium_subvault_bridge,
          aquarium_subvault_wall], aquarium_window_corridor_3,
          aquarium_window_1, aquarium_view_2d, aquarium_view_2d,
          aquarium_balcony_3a, minmay_quantized, uniq_sigmund

Skill      XL: |  1  2 |
---------------+-------+-----
Stealth        | 1 |  1.0
Fighting       | |  1.0
Dodging        | |  2.3
Unarmed Combat | |  3.5
Spellcasting   | |  2.1
Transmutations | |  2.1

Action                   || total
-------------------------++-------
Melee: Unarmed           ||    26
       Tentacles         ||     7
       Constrict         ||     4
 Stab: Sleeping          ||     5
Armor: Skin              ||     4
Dodge: Dodged            ||    16
